 Dungeon Crawl Stone Soup version 0.28-a0-1429-gf3d713df7a (webtiles) character file.

Game seed: 17738423465555560063

516 bande the Covered (level 7, -1/44 HPs)
             Began as a Gargoyle Fighter on Jan 9, 2022.
             Killed by nerve-wracking pain
             ... invoked by an orc priest
              (3 damage)
             ... on level 4 of the Dungeon.
             The game lasted 00:09:11 (5801 turns).

bande the Covered (Gargoyle Fighter)                Turns: 5801, Time: 00:09:11

Health: -1/44      AC: 15    Str: 19    XL:     7   Next: 20%
Magic:  7/7        EV: 10    Int:  9    God:
Gold:   148        SH:  4    Dex: 11    Spells: 6/6 levels left

rFire   + + .      SeeInvis .   a - +0 war axe
rCold   . . .      Faith    .   c - +0 buckler
rNeg    + . .      Spirit   .   i - +1 ring mail {rF+}
rPois   ∞          Reflect  .   (no helmet)
rElec   +          Harm     .   m - +0 cloak
rCorr   +          Rampage  .   (no gloves)
Will    .....                   h - +1 pair of boots {Fly}
Stlth   +.........              (no amulet)
HPRegen 0.14/turn               b - ring of resist corrosion
MPRegen 0.10/turn               k - ring of protection from fire

@: brilliant, flying
A: sickness immunity, AC +4, negative energy resistance 1, electricity
resistance, torment resistance 1, petrification resistance
a: no special abilities


You were on level 4 of the Dungeon.
You visited 1 branch of the dungeon, and saw 5 of its levels.

You collected 148 gold pieces.

Inventory:

Hand Weapons
 a - a +0 war axe (weapon)
 j - a +0 morningstar
Missiles
 n - a throwing net (quivered)
Armour
 c - a +0 buckler (worn)
 h - a +1 pair of boots of flying (worn)
 i - a +1 ring mail of fire resistance (worn)
 m - a +0 cloak (worn)
Jewellery
 b - a ring of resist corrosion (left hand)
 d - a ring of ice
 k - a ring of protection from fire (right hand)
Wands
 l - a wand of flame (17)
Scrolls
 g - 5 scrolls of teleportation
Potions
 e - a potion of flight
 f - 2 potions of magic


   Skills:
 + Level 4.4 Fighting
 + Level 4.4 Axes
 + Level 5.0 Armour
 - Level 0.2 Stealth
 + Level 3.9 Shields
 * Level 2.5 Evocations


You had 6 spell levels left.
You didn't know any spells.
Your spell library contained the following spells:

 Spells                   Type           Power      Damage    Failure   Level
 Animate Skeleton         Necr           0%         N/A       65%         1
 Pain                     Necr           0%         1d4       65%         1
 Vampiric Draining        Necr           0%         2d6       95%         3


Dungeon Overview and Level Annotations

Branches:
Dungeon (5/15)
 Temple: D:4-7

Altars:

Shops:
D:1 *


Innate Abilities, Weirdness & Mutations

You are immune to sickness and miasma.
Your stone body is resilient. (AC +4)
You are immune to poison.
You resist negative energy. (rN+)
You are resistant to electric shocks. (rElec)
You are resistant to unholy torment.
You are immune to petrification.


Message History

Found 15 gold pieces.
The orc wizard points at you and mumbles some strange words.
The magic dart hits you but does no damage.
The orc wizard gestures at you while chanting.
The puff of flame hits you but does no damage.
The orc priest calls down the wrath of Beogh upon you.
Pain shoots through your body! The orc wizard casts a spell at you.
The magic dart hits you but does no damage.
You feel less confused.
The orc priest looks encouraged for a moment.
The orc wizard gestures wildly while chanting.
The orc wizard flickers and vanishes!
Deactivating autopickup; reactivate with Ctrl-A.
You block the orc wizard's attack. The orc closely misses you.
The orc misses you.
There is a stone staircase leading up here.
The orc hits you but does no damage.
The orc priest hits you but does no damage.
You fly upwards.
Reactivating autopickup.
There is a stone staircase leading down here.
You hit the orc priest but do no damage.
You closely miss the orc. You barely miss the orc. The orc barely misses you.
The orc priest invokes the aid of Beogh against you.
Beogh smites you!
* * * LOW HITPOINT WARNING * * *
The orc hits you but does no damage.
You hit the orc priest but do no damage.
You barely miss the orc. You hit the orc. The orc hits you but does no damage.
The orc priest hits you with a +0 mace.
* * * LOW HITPOINT WARNING * * *
The orc closely misses you. The orc hits you but does no damage.
Unknown command.
It was a potion of brilliance.
You feel clever all of a sudden.
The orc priest calls down the wrath of Beogh upon you.
Pain shoots through your body!
You die...

.#.......#####......#.....#######
##.......'.....#..######..##....#
.........#####....#.>..#.....##.#
......##.######..##.##.#.######'#
......##.#.......##.#<...##......
......##.#.###...##.#.#####......
.....)...#.###......#.......)....
.........#.##...o##########......
.........#..#.#o@..............##
.........##.#.##o###############
.........##......#
#'##.....##......#
#.##.....)'......#
.........##......#
.........##......#
....#.#####......# ......#
#......#


You could see an orc priest and 2 orcs.

Vanquished Creatures
  Sigmund (D:3)
  Crazy Yiuf (D:3)
  2 orc priests
  2 orc wizards (D:3)
  Terence (D:2)
  Natasha (thrice) (D:2)
  2 adders
  A white imp (D:3)
  2 worms (D:2)
  10 orcs (D:3)
  7 ball pythons
  9 endoplasms
  2 giant cockroaches (D:1)
  6 goblins
  7 hobgoblins
  10 kobolds
  2 quokkas
  3 bats
  3 frilled lizards
  4 rats
78 creatures vanquished.

Notes
Turn   | Place    | Note
-------+----------+-------------------------------------------
     0 | D:1      | bande the Gargoyle Fighter began the quest for the Orb.
     0 | D:1      | Reached XP level 1. HP: 14/14 MP: 1/1
   162 | D:1      | Reached XP level 2. HP: 18/19 MP: 2/2
   992 | D:1      | Found Suk Osong's Assorted Antiques.
  1062 | D:1      | Reached XP level 3. HP: 23/23 MP: 3/3
  1544 | D:2      | Noticed Terence
  1555 | D:2      | Killed Terence
  1556 | D:2      | Reached skill level 1 in Evocations
  1556 | D:2      | Reached XP level 4. HP: 23/29 MP: 4/4
  1891 | D:2      | Noticed Natasha
  1895 | D:2      | Killed Natasha
  1896 | D:2      | Reached skill level 4 in Armour
  2109 | D:2      | Noticed Natasha
  2121 | D:2      | Killed Natasha
  2122 | D:2      | Reached XP level 5. HP: 30/33 MP: 5/5
  2464 | D:2      | Noticed Natasha
  2538 | D:2      | Killed Natasha
  3144 | D:3      | Noticed Sigmund
  3154 | D:3      | Killed Sigmund
  3155 | D:3      | Reached XP level 6. HP: 34/38 MP: 6/6
  3412 | D:3      | HP: 1/38 [something (3)]
  4229 | D:3      | Found a runed translucent door.
  4230 | D:3      | Noticed Crazy Yiuf
  4410 | D:3      | Killed Crazy Yiuf
  4411 | D:3      | Reached XP level 7. HP: 14/44 MP: 7/7
  4935 | D:4      | Identified the +3 spear "Dohu" {vorpal, Str+4}
  5300 | D:3      | Reached skill level 5 in Armour
  5778 | D:5      | Entered Level 5 of the Dungeon
  5800 | D:4      | HP: 2/44 [orc priest (3)]
  5801 | D:4      | Killed from afar by an orc priest

Illustrated notes

Levels and vault maps discovered:
D:1:      mushboom_english_gardens, layout_basic, serial_shops, shop
D:2:      layout_basic, kennysheep_pointless_box, uniq_natasha, uniq_terence
D:3:      layout_basic, st_stairs_6, uniq_sigmund, uniq_crazy_yiuf_cottage
D:4:      layout_basic
D:5:      layout_basic, nzn_hepliaklqana_mist_gate, nicolae_overflow_squiral,
          gammafunk_temple_overflow_pools, kennysheep_mini_moat

Skill      XL: |  1  2  3  4  5  6  7 |
---------------+----------------------+-----
Axes           | 2 3 4 |  4.4
Evocations     | 1 2 |  2.5
Armour         | 4 5 |  5.0
Fighting       | 4 |  4.4
Stealth        | |  0.2
Shields        | |  3.9

Action                   |  1- 3 |  4- 6 |  7- 9 || total
-------------------------+-------+-------+-------++-------
Melee: War axe           |    88 |   147 |    44 ||   279
  Use: Scroll            |     3 |     5 |     2 ||    10
       Potion            |       |     2 |     1 ||     3
 Stab: Invisible         |       |     1 |       ||     1
Armor: Scale mail        |     5 |       |       ||     5
       Ring mail         |    27 |    80 |    31 ||   138
Dodge: Dodged            |    54 |    56 |    29 ||   139
Block: Buckler           |    18 |    36 |     9 ||    63

Table legend: (Time is in decaauts)
 A = Elapsed time spent in this place.
 B = Non-inter-level travel time spent in this place.
 C = Inter-level travel time spent in this place.
 D = Time resting spent in this place.
 E = Time spent auto-exploring this place.
 F = Levels seen in this place.
 G = Mean time per level.
                   A        B        C        D        E       F      G
               +--------+--------+--------+--------+--------+-----+--------+
         Total |   5927 |   5903 |     24 |   1831 |   3091 |   5 | 1185.4 |
       Dungeon |   5927 |   5903 |     24 |   1831 |   3091 |   5 | 1185.4 |
               +--------+--------+--------+--------+--------+-----+--------+

Top non-repeatable levels by time:
     D:3: 2255 daAuts
     D:2: 1916 daAuts
     D:1: 1098 daAuts
     D:4: 637 daAuts
     D:5: 19 daAuts
